 Dungeon Crawl Stone Soup version 0.21-a0-39-g28ea6b7 (webtiles) character file.

13916 tilp the Destroyer (level 12, -4/145 HPs)
             Began as a Hill Orc Fire Elementalist on May 30, 2017.
             Was an Elder of Vehumet.
             Slain by a wraith (8 damage)
             ... on level 11 of the Dungeon on May 31, 2017.
             The game lasted 01:24:27 (16872 turns).

tilp the Destroyer (Hill Orc Fire Elementalist)    Turns: 16872, Time: 01:24:28

Health: -4/145     AC:  3    Str: 17    XL:     12   Next: 11%
Magic:  13/34      EV: 16    Int: 19    God:    Vehumet [****..]
Gold:   360        SH:  0    Dex: 11    Spells: 2/30 levels left

rFire    + . .     SeeInvis .   L - +4 dire flail (freeze)
rCold    + . .     Gourm    .   (shield currently unavailable)
rNeg     . . .     Faith    .   a - +0 robe
rPois    .         Spirit   .   r - +0 helmet
rElec    .         Reflect  .   I - scarf {rC+ rF+}
rCorr    .         Harm     .   (no gloves)
MR       .....                  (no boots)
Stlth    ..........             (no amulet)
Regen    0.4/turn               z - ring of magical power
MPRegen  0.3/turn               Q - +4 ring of evasion

@: berserking, slowed
A: no striking features
a: Renounce Religion


You were on level 11 of the Dungeon.
You worshipped Vehumet.
Vehumet was greatly pleased with you.
You were not hungry.

You visited 2 branches of the dungeon, and saw 12 of its levels.

You collected 496 gold pieces.
You spent 136 gold pieces at shops.

Inventory:

Hand Weapons
 q - a +2 short sword of draining
 C - the +4 dagger of the Eel {pierce, rF+ Str-4 Int+4 SInv}
   (You found it on level 4 of the Dungeon)

   It inflicts extra damage upon your enemies.
   It affects your strength (-4).
   It affects your intelligence (+4).
   It protects you from fire.
   It lets you see invisible.
 L - a +4 dire flail of freezing (weapon)
 O - a +4 war axe
Missiles
 o - 8 javelins (quivered)
Armour
 a - a +0 robe (worn)
 r - a +0 helmet (worn)
 I - a scarf of resistance (worn)
Jewellery
 d - an uncursed ring of magical power
 j - a +2 ring of dexterity
 z - a ring of magical power (left hand)
 E - an uncursed amulet of guardian spirit
 Q - a +4 ring of evasion (right hand)
 R - an uncursed amulet of harm
 T - an uncursed ring of positive energy
 V - an uncursed ring of flight
Wands
 y - a wand of lightning (8/15)
 J - a wand of random effects (17/48)
 K - a wand of polymorph (11/24)
 Z - a wand of flame (34/48)
Scrolls
 e - a scroll of fog {unknown}
 g - a scroll of random uselessness {unknown}
 h - 5 scrolls of teleportation
 i - 3 scrolls of remove curse
 k - 3 scrolls of amnesia
 n - a scroll of recharging {unknown}
 s - 2 scrolls of fear
 v - 2 scrolls of blinking
 D - a scroll of enchant weapon {unknown}
 X - a scroll of torment {unknown}
 Y - a scroll of immolation {unknown}
Potions
 l - a potion of haste
 m - a potion of brilliance
 w - 3 potions of resistance
 x - a potion of invisibility {unknown}
 A - a potion of curing {unknown}
 G - 2 potions of cancellation
 H - a potion of agility
Books
 b - a book of Flames

   Spells                             Type                      Level
   a - Flame Tongue                   Conjuration/Fire             1
   b - Throw Flame                    Conjuration/Fire             2
   c - Conjure Flame                  Conjuration/Fire             3
   d - Inner Flame                    Hexes/Fire                   3
   e - Sticky Flame                   Conjuration/Fire             4
   f - Fireball                       Conjuration/Fire             5
 t - a book of Minor Magic

   Spells                             Type                      Level
   a - Magic Dart                     Conjuration                  1
   b - Blink                          Translocation                2
   c - Call Imp                       Summoning                    2
   d - Slow                           Hexes                        2
   e - Conjure Flame                  Conjuration/Fire             3
   f - Mephitic Cloud                 Conjuration/Poison/Air       3
Comestibles
 c - 6 bread rations
 f - 6 royal jellies
 P - 5 fruits
 S - 2 meat rations


   Skills:
 * Level 6.8 Fighting
 - Level 0.6 Short Blades
 * Level 6.8 Maces & Flails
 - Level 1.5 Dodging
 - Level 1.5 Stealth
 * Level 9.5 Spellcasting
 + Level 9.9 Conjurations
 + Level 9.0 Fire Magic


You had 2 spell levels left.
You knew the following spells:

 Your Spells              Type           Power        Failure   Level  Hunger
a - Flame Tongue          Conj/Fire      #####        1%          1    None
b - Throw Flame           Conj/Fire      #####.       1%          2    None
c - Inner Flame           Hex/Fire       ####....     1%          3    None
d - Magic Dart            Conj           ####         1%          1    None
e - Sticky Flame          Conj/Fire      #####...     1%          4    ###....
f - Conjure Flame         Conj/Fire      #####...     1%          3    None
g - Iskenderun's Battles  Conj/Chrm      ####....     8%          5    #####..
h - Fireball              Conj/Fire      #####.....   1%          5    #####..
i - Iskenderun's Mystic   Conj           #####...     1%          4    ###....


Dungeon Overview and Level Annotations

Branches:
Dungeon (11/15)            Temple (1/1) D:7            Lair (0/6) D:9
    Orc: D:9-12

Altars:
Ashenzari
Cheibriados
Dithmenos
Elyvilon
Fedhas
Gozag
Hepliaklqana
Kikubaaqudgha
Makhleb
Nemelex Xobeh
Okawaru
Qazlal
Ru
Sif Muna
Trog
Uskayaw
Vehumet
Wu Jian
Xom
Yredelemnul
Zin
The Shining One

Shops:
D:4 *   D:5 (   D:7 (

Annotations:
D:7 Protee's ghost, novice DsEn
D:8 TotoDurand's ghost, novice FoFi
D:11 Nergalle


Message History

The wraith closely misses you. The wraith hits you!
* * * LOW HITPOINT WARNING * * *
The wraith drains your vigour!
You feel as though you will be slow longer.
Casting: Magic Dart
Confirm with . or Enter, or press ? or * to list all spells.
Aiming: Magic Dart
Press: ? - help, Shift-Dir - straight line, f/p - wraith
Aim: a wraith (almost destroyed)
The magic dart hits the wraith.
The wraith is almost destroyed.
The wraith hits you!
* * * LOW HITPOINT WARNING * * *
The wraith drains your vigour!
You feel as though you will be slow longer.
Okay, then.
It was a potion of berserk rage.
A red film seems to cover your vision as you go berserk!
You feel yourself moving faster!
You feel mighty! The wraith hits you!
You die...

........#############.#
......................#
......................#
......###############.#
....).# #.# ......# #.#
>.....###############.#
......................#
..........>..[<.@W....#
(..........##########.#
##########.##########.#
##########............#
.....<[[[......!......#
#######################


You could see a wraith.

Vanquished Creatures
  Erolcha (D:11)
  4 two-headed ogres
  Maurice (D:7)
  A komodo dragon (D:11)
  A hornet (D:11)
  A queen bee (D:9)
  2 trolls
  A hippogriff (D:11)
  3 wyverns (D:10)
  9 yaks
  2 hungry ghosts
  Grum (D:8)
  Menkaure (D:5)
  A black bear (D:7)
  3 orc warriors
  3 ice beasts
  4 phantoms
  7 ogres
  A necrophage (D:7)
  5 centaurs
  3 wolves
  2 big kobolds
  10 bullfrogs
  2 water moccasin zombies
  5 scorpions
  31 killer bees
  7 wights
  6 crimson imps
  2 quasits
  2 bullfrog zombies
  3 jellies
  A gnoll shaman (D:10)
  11 hounds
  2 bullfrog skeletons
  3 orc priests
  2 iguanas
  9 orc wizards
  9 worker ants
  A killer bee zombie (D:8)
  A hound zombie (D:10)
  A hound skeleton (D:3)
  A worker ant zombie (D:9)
  Robin (D:2)
  3 gnolls (D:10)
  10 adders
  A shadow imp (D:10)
  2 oozes
  2 adder zombies
  2 adder skeletons (D:4)
  A worm (D:2)
  4 dart slugs
  7 leopard geckos
  44 orcs
  A ball python (D:2)
  5 bats
  3 giant cockroaches
  17 goblins
  12 hobgoblins
  8 jackals
  22 kobolds
  5 quokkas
  6 frilled lizards
  A leopard gecko skeleton (D:6)
  A leopard gecko zombie (D:7)
  6 rats
330 creatures vanquished.

Vanquished Creatures (others)
  3 fungi (D:9)
  5 plants (D:9)
8 creatures vanquished.

Grand Total: 338 creatures vanquished

Notes
Turn   | Place    | Note
-------+----------+-------------------------------------------
     0 | D:1      | tilp the Hill Orc Fire Elementalist began the quest for the Orb.
     0 | D:1      | Reached XP level 1. HP: 14/14 MP: 3/3
   159 | D:1      | Reached XP level 2. HP: 20/20 MP: 1/4
   477 | D:1      | Reached XP level 3. HP: 14/26 MP: 3/6
  1137 | D:2      | Learned a level 2 spell: Throw Flame
  1141 | D:2      | Learned a level 3 spell: Inner Flame
  1162 | D:2      | Noticed Robin
  1646 | D:2      | Killed Robin
  1646 | D:2      | Reached XP level 4. HP: 33/33 MP: 2/7
  2327 | D:3      | Learned a level 1 spell: Magic Dart
  2469 | D:3      | Reached XP level 5. HP: 38/38 MP: 8/8
  3105 | D:4      | Got a shimmering dagger
  3106 | D:4      | Identified the +4 dagger of the Eel {pierce, rF+ Str-4 Int+4 SInv} (You found it on level 4 of the Dungeon)
  3465 | D:4      | Reached XP level 6. HP: 10/45 MP: 8/10
  3470 | D:4      | HP: 2/45 [hound (3)]
  3778 | D:4      | Found Assog's General Store.
  3814 | D:4      | Bought a scroll of remove curse for 39 gold pieces
  3954 | D:4      | Found an opulent altar of Gozag.
  3984 | D:4      | Reached skill level 5 in Fire Magic
  4243 | D:4      | Reached XP level 7. HP: 28/50 MP: 12/12
  4694 | D:4      | Bought a scroll of blinking for 97 gold pieces
  4715 | D:5      | Entered Level 5 of the Dungeon
  4726 | D:5      | Learned a level 4 spell: Sticky Flame
  4730 | D:5      | Learned a level 3 spell: Conjure Flame
  4786 | D:5      | Found an ornate altar of the Wu Jian Council.
  5045 | D:5      | Found Jinakh's Weapon Shoppe.
  5087 | D:5      | Reached skill level 5 in Conjurations
  5143 | D:5      | Reached XP level 8. HP: 56/57 MP: 12/14
  5617 | D:5      | Found a sparkling altar of Nemelex Xobeh.
  5784 | D:5      | Reached skill level 5 in Spellcasting
  6081 | D:5      | Noticed Menkaure
  6084 | D:5      | Killed Menkaure
  7156 | D:6      | Reached XP level 9. HP: 48/62 MP: 17/17
  7950 | D:7      | Found a staircase to the Ecumenical Temple.
  7959 | Temple   | Entered the Ecumenical Temple
  8039 | Temple   | Became a worshipper of Vehumet
  8195 | D:7      | Reached skill level 1 in Fighting
  8344 | D:7      | Found a burning altar of Makhleb.
  8607 | D:7      | Found Lomuig's Weapon Boutique.
  8732 | D:7      | Noticed Protee's ghost (novice DsEn)
  9136 | D:8      | Reached skill level 1 in Maces & Flails
  9159 | D:8      | Noticed Grum
  9166 | D:8      | Killed Grum
  9166 | D:8      | Reached * piety under Vehumet
  9166 | D:8      | Offered knowledge of Shock by Vehumet.
  9448 | D:8      | Learned a level 1 spell: Shock
  9454 | D:8      | Learned a level 5 spell: Fireball
  9841 | D:8      | Reached XP level 10. HP: 66/77 MP: 20/20
  9922 | D:8      | Noticed TotoDurand's ghost (novice FoFi)
 10308 | D:8      | Noticed a two-headed ogre
 10322 | D:8      | Killed a two-headed ogre
 10357 | D:8      | Noticed Maurice
 10614 | D:8      | Found a hazy altar of Hepliaklqana.
 11474 | D:7      | Killed Maurice
 11956 | D:9      | Offered knowledge of Freeze by Vehumet.
 11993 | D:9      | Reached ** piety under Vehumet
 12068 | D:9      | Found a staircase to the Lair.
 12271 | D:9      | Reached skill level 5 in Fighting
 12414 | D:9      | Reached XP level 11. HP: 64/86 MP: 18/23
 13241 | D:9      | Offered knowledge of Ignite Poison by Vehumet.
 13573 | D:9      | Reached *** piety under Vehumet
 13789 | D:10     | Entered Level 10 of the Dungeon
 14443 | D:10     | Offered knowledge of Iskenderun's Mystic Blast by Vehumet.
 14490 | D:10     | Learned a level 4 spell: Iskenderun's Mystic Blast
 14891 | D:10     | Reached skill level 5 in Maces & Flails
 14984 | D:10     | Reached **** piety under Vehumet
 15359 | D:11     | Offered knowledge of Iskenderun's Battlesphere by Vehumet.
 15632 | D:11     | Noticed a two-headed ogre
 15640 | D:11     | Killed a two-headed ogre
 15644 | D:11     | Noticed a two-headed ogre
 15645 | D:11     | Noticed Nergalle
 15672 | D:11     | Paralysed by a hornet for 3 turns
 15819 | D:10     | Noticed a two-headed ogre
 15826 | D:10     | Killed a two-headed ogre
 16068 | D:10     | Killed a two-headed ogre
 16470 | D:11     | Reached XP level 12. HP: 35/97 MP: 21/25
 16477 | D:11     | Learned a level 5 spell: Iskenderun's Battlesphere
 16560 | D:11     | Noticed Erolcha
 16568 | D:11     | Killed Erolcha
 16871 | D:11     | HP: 2/97 [wraith (12)]
 16872 | D:11     | Slain by a wraith

Vault maps used:
D:1:      lightli_arrival_lavapool, hangedman_decor_lopped
D:2:      uniq_robin
D:3:      first_bread
D:4:      serial_shops, shop, grunt_gozag_statues
D:5:      kennysheep_mini, lemuel_doored_altar, serial_shops,
          nicolae_shop_stone, uniq_menkaure
D:7:      makhleb_heckhound_becter, minmay_temple_entry_junction_2,
          serial_shops, nicolae_shop_temple_entry_statues_fountains
D:8:      marbit_many_paths, uniq_maurice, uniq_grum
D:9:      dpeg_oklobed_lair, david_nohive_1
D:11:     orc_0_dummy, uniq_nergalle, uniq_josephine, uniq_erolcha
Temple:   regret_index_temple_mists

Skill      XL: |  1  2  3  4  5  6  7  8  9 10 11 12 |
---------------+-------------------------------------+-----
Spellcasting   | 2 3 4 5 7 8 9 |  9.5
Fire Magic     | 4 5 6 7 8 9 |  9.0
Conjurations   | 2 3 5 6 7 9 |  9.9
Fighting       | 3 5 6 |  6.8
Maces & Flails | 2 4 6 |  6.8
Short Blades   | |  0.6
Dodging        | |  1.5
Stealth        | |  1.5

Action                   |  1- 3 |  4- 6 |  7- 9 | 10-12 || total
-------------------------+-------+-------+-------+-------++-------
Melee: Club              |    54 |       |       |       ||    54
       Short sword       |       |   106 |   144 |       ||   250
       Dagger            |       |    50 |     8 |       ||    58
       Dire flail        |       |       |    41 |   172 ||   213
 Cast: Flame Tongue      |    56 |    22 |    81 |   173 ||   332
       Throw Flame       |     1 |    12 |    48 |    66 ||   127
       Magic Dart        |       |     7 |    54 |    58 ||   119
       Sticky Flame      |       |       |    11 |    78 ||    89
       Conjure Flame     |       |       |     2 |     8 ||    10
       Inner Flame       |       |       |     3 |     8 ||    11
       Shock             |       |       |       |     1 ||     1
       Fireball          |       |       |       |     6 ||     6
       Iskenderun's Myst |       |       |       |     2 ||     2
Evoke: Wand              |       |       |     1 |       ||     1
  Use: Scroll            |       |     2 |     8 |     4 ||    14
       Potion            |       |       |     1 |     3 ||     4
 Stab: Sleeping          |     1 |     2 |     4 |       ||     7
  Eat: Chunk             |     3 |     7 |    12 |    18 ||    40
       Royal jelly       |       |     1 |     2 |     3 ||     6
       Meat ration       |       |       |     1 |     2 ||     3
Armor: Robe              |    17 |    26 |    56 |    31 ||   130
       Skin              |     1 |       |       |     2 ||     3
Dodge: Dodged            |    63 |   121 |   184 |   336 ||   704
